[Event "Titled Tuesday Blitz February 28 Late 2023"]
[White "Svane, Rasmus"]
[Black "Rasulov, Vugar"]
[WhiteFideId "4657101"]
[BlackFideId "13402390"]
[WhiteElo "2597"]
[BlackElo "2509"]
[Result "1/2-1/2"]
[Round "11"]
[TimeControl "180+2"]
[Date "2023.02.28"]
[WhiteClock "0:00:03"]
[BlackClock "0:00:08"]

1. Nf3 Nf6 2. g3 d5 3. Bg2 c6 4. O-O Bg4 5. h3 Bh5 6. d4 Nbd7 7. c4 e6 8. cxd5 exd5 9. Ne5 Ne4 10. Bxe4 Nxe5 11. dxe5 dxe4 12. Nc3 Bb4 13. Nxe4 O-O 14. Qb3 a5 15. a3 Qd4 16. Qe3 Qxe3 17. Bxe3 Be7 18. g4 Bg6 19. Nd6 f6 20. f4 fxe5 21. fxe5 a4 22. Rxf8+ Bxf8 23. Rc1 Ra5 24. Bf4 h5 25. Kf2 Be7 26. Rc4 hxg4 27. hxg4 Bf7 28. Rb4 b5 29. Rd4 Be6 30. Kf3 Ra8 31. Rd1 Rf8 32. Kg3 Bh4+ 33. Kxh4 Rxf4 34. Kg3 Rxg4+ 35. Kf3 Rg5 36. Kf4 Rg4+ 37. Kf3 Rh4 38. Rc1 Bd7 39. Ne4 Kf8 40. Nc5 Ke7 41. Rg1 Rh3+ 42. Ke4 Rh4+ 43. Ke3 Rh3+ 44. Kd4 Rh4+ 45. e4 Rh7 46. Rg6 Be8 47. Re6+ Kd8 48. Nb7+ Kd7 49. Rd6+ Ke7 50. Na5 Rh2 51. Nxc6+ Bxc6 52. Rxc6 Rxb2 53. Rc7+ Ke6 54. Rc6+ Kd7 55. Rg6 Rb3 56. Rxg7+ Kc6 57. Rg6+ Kd7 58. Rg7+ Kc6 59. e6 Rxa3 60. Ke5 Rh3 61. Rg8 Rh7 62. Ra8 Kb7 63. Rf8 a3 64. Rf7+ Rxf7 65. exf7 a2 66. f8=Q a1=Q+ 67. Kd5 Qa2+ 68. Ke5 Qb2+ 69. Ke6 Qb3+ 70. Ke5 Qc3+ 71. Kd5 Qc4+ 72. Ke5 b4 73. Qe7+ Kb6 74. Qd6+ Kb5 75. Qb8+ Ka4 76. Kf5 b3 77. e5 Qc2+ 78. Kf6 b2 79. Qa7+ Kb3 80. Qb6+ Kc3 81. Qc5+ Kb3 82. Qb5+ Ka3 83. Qa5+ Qa4 84. Qc3+ Ka2 85. Qd2 Qh4+ 86. Kf7 Qc4+ 87. e6 Qb3 88. Kf6 Ka1 89. Qa5+ Qa2 90. Qe5 Qa6 91. Kf7 Ka2 92. Qd5+ Ka3 93. Qc5+ Kb3 94. Qd5+ Qc4 95. Qb7+ Kc2 96. Qg2+ Kc3 97. Qg3+ Kb4 98. Qb8+ Ka3 99. Qa7+ Kb3 100. Qb6+ Qb4 101. Qxb4+ Kxb4 102. e7 b1=Q 103. e8=Q Qh7+ 104. Ke6 Qe4+ 105. Kf7 Qh7+ 106. Kf6 Qh4+ 107. Kf5 Qh3+ 108. Kf4 Qh2+ 109. Kf3 Qh3+ 110. Kf2 Qh2+ 111. Kf1 Qf4+ 112. Ke2 Qc4+ 113. Kf3 Qd5+ 114. Kf4 Kc5 115. Qe3+ Kc6 116. Qe4 Kd6 117. Qxd5+ Kxd5 1/2-1/2


[Site "https://www.chess.com"]

[Event "Titled Tuesday Blitz February 28 Late 2023"]
[White "Martinez Alcantara, Jose Eduardo"]
[Black "EREBUNI91"]
[WhiteFideId "3805662"]
[WhiteElo "2712"]
[BlackElo "2731"]
[Result "1-0"]
[Round "11"]
[TimeControl "180+2"]
[Date "2023.02.28"]
[WhiteClock "0:00:01"]
[BlackClock "0:00:01"]

1. c4 e6 2. g3 Nf6 3. Nf3 Be7 4. Bg2 O-O 5. O-O d5 6. b3 b6 7. Bb2 Bb7 8. e3 Nbd7 9. Qe2 c5 10. Nc3 Rc8 11. Rfd1 Qc7 12. Rac1 Qb8 13. cxd5 Nxd5 14. Nxd5 Bxd5 15. d4 Rfd8 16. e4 Bb7 17. d5 exd5 18. exd5 Bf6 19. Bh3 Qd6 20. Bxf6 Qxf6 21. Qd3 Rb8 22. Bg2 Ne5 23. Nxe5 Qxe5 24. Re1 Qf6 25. Re3 g6 26. Qc4 Rd7 27. Qa4 Rbd8 28. Rce1 Bxd5 29. Bxd5 Rxd5 30. Qxa7 Rd2 31. Rf1 Rb2 32. Kg2 Qc6+ 33. Rf3 Rf8 34. Re1 Rc2 35. Re7 Qd5 36. a4 Rc3 37. Qb7 Qxb3 38. Rf6 Rc2 39. a5 Qb2 40. Rfxf7 1-0


[Site "https://www.chess.com"]

[Event "Titled Tuesday Blitz February 28 Late 2023"]
[White "Yoo, Christopher Woojin"]
[Black "Preotu, Razvan"]
[WhiteFideId "30909694"]
[BlackFideId "2613280"]
[WhiteElo "2519"]
[BlackElo "2407"]
[Result "1-0"]
[Round "11"]
[TimeControl "180+2"]
[Date "2023.02.28"]
[WhiteClock "0:00:06"]
[BlackClock "0:00:01"]

1. e4 e6 2. d3 d5 3. Nd2 Nf6 4. Ngf3 Nc6 5. g3 dxe4 6. dxe4 Bc5 7. Bg2 O-O 8. O-O e5 9. Qe2 Qe7 10. Nb3 Bb6 11. a4 a5 12. Bg5 h6 13. Bxf6 Qxf6 14. c3 Be6 15. Nbd2 Rad8 16. Nc4 Ba7 17. Rfd1 g6 18. Ne3 Bb3 19. Nd5 Qe6 20. Rd2 Bxd5 21. exd5 Rxd5 22. Rxd5 Qxd5 23. Qb5 Qc5 24. Rf1 e4 25. Ne1 e3 26. fxe3 Qxe3+ 27. Kh1 Ne5 28. Nc2 Qc5 29. Qxc5 Bxc5 30. b4 Bb6 31. Bxb7 Rd8 32. Re1 Ng4 33. Re2 Rd3 34. c4 axb4 35. Nxb4 Rd1+ 36. Kg2 Ne3+ 37. Kf3 Rf1+ 38. Ke4 Nxc4 39. Bd5 Nd6+ 40. Kd3 c5 41. Nc6 Rd1+ 42. Rd2 Ra1 43. Kc2 Ba5 44. Nxa5 Rxa4 45. Nc6 Nb5 46. Bb3 Re4 47. Rd7 c4 48. Ba4 Re2+ 49. Kc1 Nc3 50. Bc2 Na2+ 51. Kb2 Rxh2 52. Ne7+ Kg7 53. Nd5 c3+ 54. Kb3 Nb4 55. Nxb4 Rg2 56. Nc6 Rxg3 57. Ne5 Kf6 58. Nxf7 h5 59. Nd8 h4 60. Rf7+ Kg5 61. Ne6+ Kh6 62. Rf8 Kh7 63. Rf7+ Kh6 64. Rf4 g5 65. Rf7 Kh5 66. Bf5 c2+ 67. Kxc2 Rg2+ 68. Kc3 h3 69. Rh7# 1-0


[Site "https://www.chess.com"]

[Event "Titled Tuesday Blitz February 28 Late 2023"]
[White "Adewumi, Tanitoluwa"]
[Black "Moroni, Luca Jr"]
[WhiteFideId "30966396"]
[BlackFideId "865834"]
[WhiteElo "2692"]
[BlackElo "2569"]
[Result "0-1"]
[Round "11"]
[TimeControl "180+2"]
[Date "2023.02.28"]
[WhiteClock "0:00:02"]
[BlackClock "0:00:10"]

1. e4 d6 2. d4 e5 3. Nf3 exd4 4. Nxd4 Nf6 5. Nc3 Be7 6. g3 O-O 7. Bg2 Re8 8. O-O Bf8 9. h3 c6 10. g4 a5 11. Be3 a4 12. Re1 Qa5 13. Qd2 Na6 14. Nd5 Qxd2 15. Nxf6+ gxf6 16. Bxd2 Nc5 17. Rad1 Bd7 18. Bc3 Rad8 19. b4 Na6 20. a3 Nc7 21. Bb2 Bc8 22. Ne2 Be7 23. Nf4 Rf8 24. Nh5 Ne8 25. Rd3 h6 26. Red1 Be6 27. Rf3 d5 28. Rfd3 Rc8 29. exd5 cxd5 30. R1d2 Nd6 31. Bxf6 Bxf6 32. Nxf6+ Kg7 33. Nh5+ Kh8 34. Bxd5 Bxd5 35. Rxd5 Nc4 36. R2d3 Rc6 37. Rc5 Rxc5 38. bxc5 Rc8 39. Rd7 Ne5 40. Rxb7 Rxc5 41. Kg2 Rxc2 42. Re7 Rc5 43. f4 Rc2+ 44. Kg3 Rc3+ 45. Kg2 Rc2+ 46. Kf1 Nc4 47. Rxf7 Kg8 48. Re7 Nxa3 49. Ra7 Rc4 50. Nf6+ Kf8 51. Kg2 Nb5 52. Rb7 Nc3 53. Nh7+ Ke8 54. Nf6+ Kd8 55. g5 Rxf4 56. Kg3 hxg5 57. Nh7 Ne4+ 58. Kg2 Rf2+ 59. Kg1 Re2 60. Rb4 a3 61. Ra4 a2 62. Kf1 Ng3+ 63. Kg1 Rb2 64. Nxg5 Ne2+ 65. Kf1 Nc3 66. Ra8+ Kc7 67. Ke1 Kb7 68. Ra5 Kb6 69. Ra3 Nb5 70. Ra4 Rb1+ 71. Kd2 a1=Q 72. Rxa1 Rxa1 73. Ke3 Ra3+ 74. Kf4 Kc7 75. Kf5 Nd6+ 76. Kf6 Ra1 77. h4 Rf1+ 78. Kg6 Rg1 79. Kf6 Kd7 80. h5 Ne8+ 81. Kg6 Ke7 82. h6 Nf6 83. h7 Nxh7 0-1


[Site "https://www.chess.com"]

[Event "Titled Tuesday Blitz February 28 Late 2023"]
[White "Saveliev, Alexei"]
[Black "Holt, Conrad"]
[WhiteFideId "24128546"]
[BlackFideId "2034387"]
[WhiteElo "2271"]
[BlackElo "2592"]
[Result "0-1"]
[Round "11"]
[TimeControl "180+2"]
[Date "2023.02.28"]
[WhiteClock "0:00:07"]
[BlackClock "0:00:55"]

1. c4 c6 2. Nc3 d5 3. cxd5 cxd5 4. d4 Nf6 5. Nf3 Nc6 6. Bg5 Ne4 7. Bh4 Qb6 8. Qb3 e6 9. e3 Qxb3 10. axb3 Bb4 11. Rc1 Na5 12. Bd3 Nxb3 13. Rc2 Bd7 14. O-O Nxc3 15. bxc3 Bd6 16. c4 dxc4 17. Rxc4 Bb5 18. Rc3 Bxd3 19. Rxd3 Na5 20. Ra1 b6 21. d5 e5 22. Nd2 f5 23. e4 f4 24. Rxa5 bxa5 25. Nc4 Kd7 26. Nxa5 Rhb8 27. h3 Rb1+ 28. Kh2 h6 29. f3 Bc5 30. g4 g5 31. Rc3 Rab8 32. Nc4 gxh4 33. Nxe5+ Ke8 34. Nd3 Be3 35. d6 Rd1 36. d7+ Kxd7 37. Ne5+ Ke8 38. Nc4 Rbb1 39. Nxe3 fxe3 40. Rxe3 Rb2+ 41. Re2 0-1


[Site "https://www.chess.com"]

[Event "Titled Tuesday Blitz February 28 Late 2023"]
[White "Averjanov, Alexey"]
[Black "Yuan, Qingyu"]
[WhiteFideId "14109867"]
[BlackFideId "8609772"]
[WhiteElo "2688"]
[BlackElo "2359"]
[Result "0-1"]
[Round "11"]
[TimeControl "180+2"]
[Date "2023.02.28"]
[WhiteClock "0:00:03"]
[BlackClock "0:00:08"]

1. d4 d5 2. c4 e6 3. Nf3 Nf6 4. e3 Be7 5. Nbd2 O-O 6. Bd3 c5 7. b3 cxd4 8. exd4 b6 9. O-O Bb7 10. Bb2 Nc6 11. Qe2 Rc8 12. Rac1 Re8 13. Rfd1 Bf8 14. Ne5 dxc4 15. Ndxc4 Nb4 16. Bb1 Nbd5 17. Qf3 Rc7 18. Qg3 g6 19. Re1 Bh6 20. Rcd1 Nh5 21. Qg4 Ndf4 22. Ne3 f5 23. Bxf5 exf5 24. Nxf5 Bg5 25. Ne3 Bc8 26. Qf3 Rf8 27. Qe4 Nf6 28. Qf3 N4d5 29. Ba3 Re8 30. N3c4 Re6 31. Nd3 Rf7 32. Nce5 Rc7 33. g3 h5 34. h4 Bh6 35. Nxg6 Rxe1+ 36. Rxe1 Bg4 37. Qg2 Bf5 38. Nde5 Kg7 39. Nf4 Nxf4 40. gxf4+ Kh7 41. Nc6 Qc8 42. Ne7 Qd7 43. Re5 Bg4 44. d5 Rc2 45. Nf5 Bxf5 46. Re7+ Qxe7 47. Bxe7 Rc1+ 48. Kh2 Bxf4+ 49. Qg3 Ng4+ 50. Kg2 Be4+ 51. f3 Rc2+ 52. Kh3 Bxg3 53. Kxg3 Bxf3 54. Kxf3 Rxa2 55. d6 Rd2 56. Ke4 Kg6 57. b4 a5 58. b5 a4 0-1


[Site "https://www.chess.com"]

[Event "Titled Tuesday Blitz February 28 Late 2023"]
[White "Leschinsky, Gary"]
[Black "Costachi, Mihnea"]
[WhiteFideId "30951321"]
[BlackFideId "1217518"]
[WhiteElo "1855"]
[BlackElo "2456"]
[Result "0-1"]
[Round "11"]
[TimeControl "180+2"]
[Date "2023.02.28"]
[WhiteClock "0:00:04"]
[BlackClock "0:00:26"]

1. d4 Nf6 2. c4 g6 3. Nc3 Bg7 4. e4 O-O 5. Nge2 d6 6. f3 c5 7. d5 e6 8. Ng3 exd5 9. cxd5 a6 10. a4 Nbd7 11. Be2 Rb8 12. O-O h5 13. Bg5 b5 14. axb5 axb5 15. Bxb5 Qb6 16. Be3 h4 17. Nge2 Ne5 18. Qd2 Bd7 19. Ra6 Qb7 20. Ra5 Bxb5 21. Rxb5 Qa6 22. Rxb8 Rxb8 23. Bh6 Qd3 24. Qg5 Rxb2 25. Bxg7 Kxg7 26. Qxh4 Rxe2 27. Nxe2 Qxe2 28. h3 c4 29. Rb1 Qe3+ 30. Kh1 g5 31. Qe1 Qxe1+ 32. Rxe1 Nd3 33. Re2 Nd7 34. Rc2 N7e5 35. Kg1 Nb4 36. Rc3 Na2 37. Rc2 Nb4 38. Rc3 f5 39. Kf2 f4 40. g3 Kf6 41. gxf4 gxf4 42. h4 Kg6 43. Ke2 Kh5 44. Rc1 Kxh4 45. Rg1 c3 46. Rc1 c2 47. Kd2 Nxf3+ 48. Kc3 Na2+ 49. Kxc2 Nxc1 50. Kxc1 Kg4 0-1


[Site "https://www.chess.com"]

[Event "Titled Tuesday Blitz February 28 Late 2023"]
[White "Zhigalko, Sergei"]
[Black "Grischuk, Alexander"]
[WhiteFideId "13502956"]
[BlackFideId "4126025"]
[WhiteElo "2626"]
[BlackElo "2727"]
[Result "1-0"]
[Round "11"]
[TimeControl "180+2"]
[Date "2023.02.28"]
[WhiteClock "0:00:04"]
[BlackClock "0:00:02"]

1. e4 e6 2. d4 d5 3. e5 c5 4. c3 Nc6 5. Nf3 Qb6 6. Bd3 cxd4 7. O-O Bd7 8. Re1 Nge7 9. h4 Rc8 10. h5 a6 11. Nbd2 dxc3 12. bxc3 Na5 13. Rb1 Qc7 14. h6 gxh6 15. Nf1 Ng6 16. Ng3 Qxc3 17. Nh5 Be7 18. Ng7+ Kd8 19. Bd2 Qc7 20. Bxh6 b5 21. Ng5 Rf8 22. Nxh7 Rg8 23. Bxg6 fxg6 24. Qf3 Qc5 25. Qf7 Kc7 26. Nf6 Rxg7 27. Qxg7 Nc4 28. Be3 Qa3 29. Rb3 Qa5 30. Rc1 Kd8 31. Qg8+ Kc7 32. Qg7 Kd8 33. Qg8+ Kc7 34. Qh7 Kd8 35. Rd3 Qxa2 36. Rxc4 Rxc4 37. Bb6+ Kc8 38. Qxe7 Qb1+ 39. Kh2 Rh4+ 40. Rh3 Rxh3+ 41. gxh3 1-0


[Site "https://www.chess.com"]

[Event "Titled Tuesday Blitz February 28 Late 2023"]
[White "Makridis, Dimitrios"]
[Black "Deac, Bogdan-Daniel"]
[WhiteFideId "25864475"]
[BlackFideId "1226380"]
[WhiteElo "2277"]
[BlackElo "2649"]
[Result "0-1"]
[Round "11"]
[TimeControl "180+2"]
[Date "2023.02.28"]
[WhiteClock "0:00:05"]
[BlackClock "0:00:06"]

1. e4 c6 2. d4 d5 3. exd5 cxd5 4. Bd3 Nf6 5. h3 Nc6 6. c3 g6 7. Nf3 Bf5 8. Ne5 Rc8 9. O-O Bg7 10. Bxf5 gxf5 11. Nd3 e6 12. Bf4 O-O 13. Nd2 Ne7 14. Re1 Ng6 15. Bh2 Kh8 16. Kh1 Ne4 17. f3 Nxd2 18. Qxd2 Qh4 19. Qf2 Qe7 20. Re2 h5 21. Rg1 h4 22. Nf4 Nxf4 23. Bxf4 Rg8 24. Qe3 Kh7 25. g3 hxg3 26. Rxg3 Qh4 27. Reg2 Bh6 28. Bg5 Rxg5 29. Rxg5 Bxg5 30. Qxg5 Qxg5 31. Rxg5 f6 32. Rg2 e5 33. dxe5 fxe5 34. Rg5 Rf8 35. h4 d4 36. cxd4 exd4 37. Kg2 d3 38. Kf2 Re8 39. Rg1 Re2+ 40. Kg3 Rxb2 41. Re1 d2 42. Re7+ Kg6 43. Rd7 Rxa2 44. Kf4 b5 45. Rd6+ Kh5 46. Rd8 b4 47. Kxf5 Kxh4 48. Kf4 Kh3 49. Ke3 b3 50. Ke2 a5 51. Rb8 a4 52. f4 Kg4 53. Kd1 Rc2 54. Rb4 Ra2 55. f5+ Kxf5 56. Rb5+ Ke6 57. Rb6+ Kd5 58. Rb5+ Kc4 59. Rb8 Kc3 60. Rc8+ Kb2 61. Kxd2 Ra1 62. Re8 a3 63. Re2 Rc1 64. Kd3+ Rc2 65. Re8 a2 66. Re7 a1=Q 0-1


[Site "https://www.chess.com"]

[Event "Titled Tuesday Blitz February 28 Late 2023"]
[White "Hambleton, Aman"]
[Black "Chigaev, Maksim"]
[WhiteFideId "2606577"]
[BlackFideId "4108116"]
[WhiteElo "2511"]
[BlackElo "2547"]
[Result "0-1"]
[Round "11"]
[TimeControl "180+2"]
[Date "2023.02.28"]
[WhiteClock "0:00:03"]
[BlackClock "0:00:22"]

1. d4 d5 2. Bf4 Nf6 3. e3 c5 4. c3 Nc6 5. Nd2 e6 6. Ngf3 Be7 7. Bd3 Nh5 8. Be5 f6 9. Bg3 g6 10. O-O O-O 11. dxc5 Bxc5 12. e4 Nxg3 13. hxg3 dxe4 14. Nxe4 Bb6 15. Bc4 Qxd1 16. Raxd1 Kg7 17. Nd6 e5 18. Nxc8 Raxc8 19. Rd7+ Kh8 20. Bd5 Rcd8 21. Bxc6 bxc6 22. Rfd1 Rxd7 23. Rxd7 Rd8 24. Rxd8+ Bxd8 25. g4 Bc7 26. Kf1 Kg7 27. Ke2 Kf7 28. Nd2 Ke6 29. Kd3 f5 30. gxf5+ gxf5 31. f3 h5 32. b4 Bb6 33. a4 a6 34. Nb3 h4 35. c4 Bf2 36. Nd2 Be1 37. b5 axb5 38. cxb5 Bxd2 39. Kxd2 cxb5 40. axb5 Kd5 41. Kc3 Kc5 42. b6 Kxb6 43. Kc4 Kc6 44. Kb4 Kd5 45. Kc3 Kc5 46. Kd3 Kb4 47. Kd2 Kc4 48. Kc2 Kd4 49. Kd2 f4 50. Ke2 Kc3 51. Ke1 Kd3 52. Kf2 Kd2 53. Kf1 Ke3 54. Ke1 h3 55. gxh3 Kxf3 56. h4 Kg4 57. h5 Kxh5 0-1


[Site "https://www.chess.com"]

[Event "Titled Tuesday Blitz February 28 Late 2023"]
[White "Madaminov, Mukhiddin"]
[Black "Fernandez Guillen, Ernesto J."]
[WhiteFideId "14210703"]
[BlackFideId "3512428"]
[WhiteElo "2511"]
[BlackElo "2423"]
[Result "1-0"]
[Round "11"]
[TimeControl "180+2"]
[Date "2023.02.28"]
[WhiteClock "0:00:38"]
[BlackClock "0:00:03"]

1. d4 Nf6 2. Nc3 d5 3. Bf4 h6 4. e3 g6 5. Nf3 Bg7 6. Ne5 O-O 7. h4 c5 8. dxc5 Nc6 9. Nxc6 bxc6 10. Be5 Qa5 11. Qd4 Bf5 12. Bd3 Bxd3 13. cxd3 Rab8 14. Bxb8 Rxb8 15. Qa4 Qxc5 16. d4 Qd6 17. Rb1 e5 18. dxe5 Qxe5 19. Qf4 Qe8 20. O-O Nh5 21. Qf3 Rb4 22. g3 Qe6 23. Rfc1 Nf6 24. b3 g5 25. hxg5 hxg5 26. Na4 g4 27. Qd1 Nh7 28. Nc5 Qh6 29. a3 Rb5 30. Qxg4 Ng5 31. Kg2 Qg6 32. b4 f5 33. Qh4 d4 34. exd4 Bf6 35. Rh1 a5 36. bxa5 f4 37. Rxb5 f3+ 38. Kh2 cxb5 39. Re1 Qc2 40. Kg1 Qd2 41. Re8+ Kg7 42. Qh8+ Kg6 43. Qg8+ Kh6 44. Qf8+ Bg7 45. Qd6+ Kh7 46. Qd7 Qd1+ 47. Kh2 Qf1 48. Qf5+ Kh6 49. Re6+ Nxe6 50. Qxe6+ Kh7 51. Qf5+ Kh8 52. Qxf3 Qc4 53. a6 Bxd4 54. a7 Bxc5 55. a8=Q+ Kg7 56. Qab7+ Kh6 57. Qbc6+ Kg7 58. Qcf6+ 1-0


[Site "https://www.chess.com"]

[Event "Titled Tuesday Blitz February 28 Late 2023"]
[White "Zhu, Jiner"]
[Black "Baskakov, Egor"]
[WhiteFideId "8608059"]
[BlackFideId "24197866"]
[WhiteElo "2384"]
[BlackElo "2212"]
[Result "0-1"]
[Round "11"]
[TimeControl "180+2"]
[Date "2023.02.28"]
[WhiteClock "0:00:02"]
[BlackClock "0:00:08"]

1. e4 c5 2. Nf3 Nf6 3. Nc3 d5 4. exd5 Nxd5 5. Bb5+ Bd7 6. Bxd7+ Qxd7 7. Nxd5 Qxd5 8. d3 Nc6 9. O-O g6 10. Re1 Bg7 11. a4 O-O 12. Rb1 Rad8 13. b3 Rfe8 14. Bd2 h6 15. Be3 e5 16. Nd2 Nd4 17. f3 b6 18. Nc4 Qc6 19. Qd2 Nf5 20. Qf2 a6 21. b4 Nxe3 22. Qxe3 e4 23. b5 axb5 24. axb5 Qd7 25. Qf4 exd3 26. cxd3 Rxe1+ 27. Rxe1 Qxd3 28. Kh1 Rd4 29. Qb8+ Kh7 30. Nxb6 Qxb5 31. Qc7 Qa5 32. Rc1 Qa3 33. Rg1 Qa5 34. Rc1 c4 35. h3 c3 36. Qc6 Rd2 37. Nd7 Qg5 38. Rg1 c2 39. Qc4 Qf5 40. Nc5 Rd1 41. Nb3 Bb2 0-1


[Site "https://www.chess.com"]

[Event "Titled Tuesday Blitz February 28 Late 2023"]
[White "Aldokhin, Ivan"]
[Black "Ibarra Jerez, Jose Carlos"]
[WhiteFideId "24115720"]
[BlackFideId "2226332"]
[WhiteElo "2322"]
[BlackElo "2638"]
[Result "1/2-1/2"]
[Round "11"]
[TimeControl "180+2"]
[Date "2023.02.28"]
[WhiteClock "0:00:02"]
[BlackClock "0:00:07"]

1. e4 c5 2. Nf3 Nc6 3. d4 cxd4 4. Nxd4 e5 5. Nb5 d6 6. N1c3 a6 7. Na3 Be6 8. Nd5 Rc8 9. c3 Nf6 10. Bg5 Be7 11. Bxf6 Bxf6 12. Nc4 O-O 13. Nxd6 Rb8 14. Be2 Bg5 15. O-O Kh8 16. Nc4 b5 17. Nce3 g6 18. a4 f5 19. axb5 axb5 20. Bf3 f4 21. Nc2 h5 22. Ncb4 Nxb4 23. Nxb4 Bc4 24. Qxd8 Rbxd8 25. Rfd1 Bb3 26. Rxd8 Rxd8 27. Nc6 Re8 28. Kf1 Bf6 29. Be2 Ba4 30. Bd1 Bxd1 31. Rxd1 Ra8 32. Nb4 Be7 33. Nd5 Bf8 34. Ke2 Ra2 35. Rd2 Kg7 36. h3 g5 37. Kf3 Ra1 38. Nc7 Kf7 39. Rd7+ Kg6 40. Ne6 Bh6 41. Nc7 Re1 42. Rd6+ Kh7 43. Nxb5 g4+ 44. hxg4 hxg4+ 45. Kxg4 Rxe4 46. Rd7+ Kg6 47. Rd6+ Kh7 48. Kf3 Re1 49. Rb6 e4+ 50. Kg4 Rg1 51. Kf5 e3 52. fxe3 fxe3 53. Re6 Rxg2 54. Nd4 Rf2+ 55. Ke4 Rxb2 56. Nf5 Bg5 57. Kd3 Rd2+ 58. Kc4 Re2 59. Nd4 Re1 60. Nf5 Rf1 61. Nxe3 Rf4+ 62. Kd3 Kg7 63. Re4 Rf3 64. Kd4 Bf6+ 65. Kd3 Bg5 66. Kd4 Kg6 67. Nd5 Rf1 68. Re6+ Kf5 69. Re5+ Kg6 70. Re6+ Kf7 71. Re5 Bh6 72. Re4 Rf3 73. c4 Bg7+ 74. Kc5 Bf8+ 75. Kc6 Rf1 76. Rg4 Rc1 77. Nb6 Ke6 78. Nd5 Ba3 79. Re4+ Kf5 80. Rh4 Kg5 81. Re4 Kf5 82. Rh4 Ke5 83. Rh5+ Kd4 84. Nb6 Rb1 85. Rh4+ Ke5 86. Nd7+ Ke6 87. Nc5+ Kf6 88. Ne4+ Ke5 89. Nc3 Rc1 90. Nb5 Bb4 91. Rh5+ Kf6 92. Rh4 Kg5 93. Re4 Kf5 94. Rh4 Be1 95. Nd6+ Ke5 96. Re4+ Kf6 97. Re2 Bg3 98. Ne4+ Kg6 99. Nxg3 Rxc4+ 100. Kd5 Rg4 101. Ne4 Rg1 102. Rf2 Ra1 103. Rf6+ Kh5 104. Ke5 Ra4 105. Kf4 Rb4 106. Kf5 Rb5+ 107. Kf4 Rb4 108. Rf8 Ra4 109. Kf5 Ra5+ 110. Kf4 Ra4 111. Kf3 Ra3+ 112. Kf4 Ra4 1/2-1/2


[Site "https://www.chess.com"]

[Event "Titled Tuesday Blitz February 28 Late 2023"]
[White "Bernadskiy, Vitaliy"]
[Black "Di Berardino, Diego Rafael"]
[WhiteFideId "14100371"]
[BlackFideId "2105446"]
[WhiteElo "2488"]
[BlackElo "2432"]
[Result "1-0"]
[Round "11"]
[TimeControl "180+2"]
[Date "2023.02.28"]
[WhiteClock "0:01:57"]
[BlackClock "0:00:12"]

1. b3 Nf6 2. Nf3 g6 3. Bb2 Bg7 4. g3 O-O 5. Bg2 c5 6. O-O Nc6 7. d3 d5 8. Nbd2 Qc7 9. e4 d4 10. a4 e5 11. Nc4 h6 12. Bc1 Be6 13. Nh4 Nd7 14. f4 exf4 15. gxf4 Qd8 16. Nf3 f5 17. e5 Nb6 18. Nd6 Qe7 19. Bd2 Nc8 20. Nc4 Bd5 21. Qe1 Nd8 22. Qg3 Qf7 23. Rf2 Ne6 24. Nh4 Bxg2 25. Rxg2 g5 26. fxg5 f4 27. g6 Qd7 28. Qg4 Qd5 29. Rf1 Ne7 30. Rgf2 b6 31. Bxf4 Nxf4 32. Rxf4 Rxf4 33. Rxf4 a6 34. Rf7 b5 35. Rxe7 bxc4 36. Nf5 Bxe5 37. Nxh6+ Kf8 38. Rf7+ Ke8 39. bxc4 1-0


[Site "https://www.chess.com"]

[Event "Titled Tuesday Blitz February 28 Late 2023"]
[White "Real_OceanStorm"]
[Black "Manelyuk, Daniil"]
[BlackFideId "44173920"]
[WhiteElo "2769"]
[BlackElo "2259"]
[Result "1-0"]
[Round "11"]
[TimeControl "180+2"]
[Date "2023.02.28"]
[WhiteClock "0:01:30"]
[BlackClock "0:00:06"]

1. e4 c6 2. e5 d5 3. d4 Bf5 4. Be2 e6 5. g4 Bg6 6. h4 h5 7. gxh5 Be4 8. Nf3 Nh6 9. Rg1 Bxf3 10. Bxf3 Qxh4 11. Bg5 Qh2 12. Rh1 Qxh1+ 13. Bxh1 Nd7 14. Bxh6 gxh6 15. Bf3 Rg8 16. Ke2 Be7 17. Nc3 O-O-O 18. a4 Rg5 19. a5 c5 20. a6 b6 21. Nb5 Kb8 22. c3 f6 23. exf6 Nxf6 24. c4 dxc4 25. Qc1 cxd4 26. Qxc4 d3+ 27. Kf1 Bc5 28. Rd1 Nd5 29. Rxd3 Rf8 30. Qe4 Rgf5 31. b4 Bxb4 32. Qxe6 Bc5 33. Qc6 R8f7 34. Qe8# 1-0


[Site "https://www.chess.com"]

[Event "Titled Tuesday Blitz February 28 Late 2023"]
[White "Haydon, David L"]
[Black "Pakleza, Zbigniew"]
[WhiteFideId "415405"]
[BlackFideId "1119290"]
[WhiteElo "2326"]
[BlackElo "2410"]
[Result "0-1"]
[Round "11"]
[TimeControl "180+2"]
[Date "2023.02.28"]
[WhiteClock "0:00:06"]
[BlackClock "0:00:01"]

1. c4 c6 2. Nf3 d5 3. Qc2 Nf6 4. b3 Bg4 5. Bb2 Nbd7 6. d3 e6 7. Nbd2 Be7 8. g3 O-O 9. Bg2 a5 10. O-O a4 11. bxa4 Qa5 12. Rfe1 Qxa4 13. Nb3 dxc4 14. dxc4 h6 15. Rad1 Rfd8 16. h3 Bf5 17. e4 Bh7 18. Nfd2 Nc5 19. Bd4 e5 20. Bxe5 Nd3 21. Bc3 Nxe1 22. Rxe1 Qxa2 23. Qd1 Qa4 24. e5 Ne8 25. e6 fxe6 26. Rxe6 Bf6 27. Bxf6 Nxf6 28. Qe1 Bc2 29. Rxf6 Re8 30. Re6 Kf8 31. Nc5 Qa5 32. Qe3 Bh7 33. Nd7+ Kf7 34. Rxe8 Rxe8 35. Qf4+ Kg8 36. Ne4 Qe1+ 37. Kh2 Bxe4 38. Qg4 Bxg2 0-1


[Site "https://www.chess.com"]

[Event "Titled Tuesday Blitz February 28 Late 2023"]
[White "Sebag, Marie"]
[Black "Gadimbayli, Abdulla"]
[WhiteFideId "617822"]
[BlackFideId "13404938"]
[WhiteElo "2440"]
[BlackElo "2390"]
[Result "0-1"]
[Round "11"]
[TimeControl "180+2"]
[Date "2023.02.28"]
[WhiteClock "0:00:03"]
[BlackClock "0:00:07"]

1. e4 c5 2. Nf3 d6 3. d4 cxd4 4. Nxd4 Nf6 5. Nc3 a6 6. h3 e6 7. g4 d5 8. Bg2 Bb4 9. exd5 Nxd5 10. Bd2 Nxc3 11. bxc3 Bd6 12. O-O O-O 13. Rb1 Qc7 14. Qe2 Nd7 15. f4 Nc5 16. f5 e5 17. Nf3 e4 18. Nd4 f6 19. Nb3 Re8 20. Be3 Na4 21. Rbe1 Nxc3 22. Qd2 Bg3 23. g5 Bxe1 24. Qxe1 Nd5 25. Bd4 Bd7 26. gxf6 Nxf6 27. Qh4 Rf8 28. c3 Rae8 29. Nc5 Bc8 30. Qg5 b6 31. Ne6 Bxe6 32. fxe6 Rxe6 33. h4 Qe7 34. h5 h6 35. Qh4 Nh7 36. Rxf8+ Nxf8 37. Qg3 Kh8 38. Bh3 Rc6 39. Qe3 Qg5+ 40. Qxg5 hxg5 41. Kf2 Ne6 42. Be5 Nf4 43. Bf1 Nd3+ 44. Bxd3 exd3 45. Ke3 Re6 0-1


[Site "https://www.chess.com"]

[Event "Titled Tuesday Blitz February 28 Late 2023"]
[White "Rozman, Levy"]
[Black "Pinheiro, Iung Alicio de O."]
[WhiteFideId "2039877"]
[BlackFideId "2104350"]
[WhiteElo "2376"]
[BlackElo "2283"]
[Result "1-0"]
[Round "11"]
[TimeControl "180+2"]
[Date "2023.02.28"]
[WhiteClock "0:00:03"]
[BlackClock "0:00:02"]

1. e4 c5 2. Nc3 Nc6 3. Bb5 Nd4 4. Nf3 e6 5. O-O a6 6. Bd3 Nc6 7. b3 g5 8. Bb2 Bg7 9. Qc1 g4 10. Ne1 d6 11. Nd5 Nd4 12. Ne3 h5 13. c3 Nc6 14. f4 d5 15. e5 f5 16. c4 d4 17. Nd1 b6 18. Be2 Bb7 19. Nd3 h4 20. a3 h3 21. g3 Qc7 22. N1f2 Nh6 23. Re1 Na5 24. Qc2 Qc6 25. Bf1 Rc8 26. b4 cxb4 27. Nxb4 Qd7 28. Rac1 b5 29. c5 Nc6 30. Qd3 Nxb4 31. axb4 Qc6 32. Qa3 O-O 33. d3 Rfd8 34. Qb3 Nf7 35. Ra1 Rd7 36. Ra5 Rcd8 37. Qd1 Nh6 38. Qb3 Bf8 39. Qa2 Nf7 40. Ra1 Bg7 41. Rxa6 Bxa6 42. Qxa6 Qf3 43. Qxe6 Kf8 44. Qxf5 Re7 45. Qxg4 Qe3 46. Bc1 Qe1 47. Bb2 Qd2 48. Qe2 1-0


[Site "https://www.chess.com"]

[Event "Titled Tuesday Blitz February 28 Late 2023"]
[White "Golubka, Petro"]
[Black "Berezin, Viktor"]
[WhiteFideId "14114224"]
[BlackFideId "14107872"]
[WhiteElo "2404"]
[BlackElo "2310"]
[Result "1/2-1/2"]
[Round "11"]
[TimeControl "180+2"]
[Date "2023.02.28"]
[WhiteClock "0:00:50"]
[BlackClock "0:00:05"]

1. e4 g6 2. Bc4 Bg7 3. Qf3 e6 4. Ne2 Nc6 5. Bb3 Nf6 6. d4 d5 7. exd5 Nxd5 8. Nbc3 Nxc3 9. bxc3 O-O 10. h4 h5 11. Bg5 Qd6 12. g4 hxg4 13. Qxg4 e5 14. Qg3 Na5 15. h5 Nxb3 16. axb3 exd4 17. h6 Be5 18. f4 Bf6 19. h7+ Kh8 20. O-O-O Bf5 21. Bxf6+ Qxf6 22. Nxd4 Rad8 23. Rh2 c5 24. Nxf5 Rxd1+ 25. Kxd1 Qxf5 26. Qe3 Rd8+ 27. Kc1 b6 28. Kb2 Qf6 29. Ka2 a5 30. c4 a4 31. bxa4 Ra8 32. Kb3 Qa1 33. Qe5+ Qxe5 34. fxe5 Re8 35. Rf2 Kg7 36. a5 bxa5 37. Ka4 Kxh7 38. Rxf7+ Kh6 39. Kxa5 Rxe5 40. Rd7 g5 41. Rd5 Re2 42. Rxc5 Rxc2 43. Kb4 g4 44. Rc6+ Kh5 45. Rc8 g3 46. Rg8 Kh4 47. c5 Kh3 48. Kb5 g2 49. c6 Rxc6 50. Kxc6 Kh2 51. Rxg2+ Kxg2 1/2-1/2


[Site "https://www.chess.com"]